AoeStats
← Cheario

Lombardia

509277172Analyzed
3v3 RM · 7d ago on Sep 26, 2026· 29m 3s· 6 players
Game mode
Random Map
Map size
Normal (6 player)
Population
200
Speed
Normal
Resources
Standard
Victory
Conquest
Starting age
Dark Age
Ending age
Imperial Age
RankedLock teamsTeams togetherTeam positionsShared explorationLock speedFull tech treeHidden civsTurbo modeCheats
Victory
Defeat
🇲🇽 Magyars · Mexico
1242
+16
🇲🇽 Ethiopians · Mexico
1242
+16
🇲🇽 Maya · Mexico
1178
+20
🇺🇸 Danes · United States
1256
-18
🇺🇸 Saxons · United States
1246
-17
🇺🇸 Varangians · United States
1245
-17
Phoenician Furry
6:34 Loom
9:22 Feudal Age
9:56 Double-Bit Axe
19:08 Scale Barding Armor
19:11 Horse Collar
22:52 Castle Age
21:55 Gold Mining
23:06 Bloodlines
23:37 Husbandry
26:08 Chain Barding Armor
Berni
6:27 Loom
9:37 Feudal Age
10:09 Double-Bit Axe
15:02 Padded Archer Armor
14:52 Fletching
23:38 Castle Age
22:46 Gold Mining
24:08 Crossbowman
24:43 Bodkin Arrow
25:04 Leather Archer Armor
24:55 Thumb Ring
26:40 Bow Saw
artsodiak
0:27 Loom
9:45 Feudal Age
10:15 Double-Bit Axe
14:16 Arson
15:55 Fletching
24:46 Castle Age
24:09 Padded Archer Armor
24:02 Gold Mining
25:28 Man-at-Arms
25:38 Crossbowman
28:04 Squires
29:46 Wheelbarrow
SirH
4:04 Loom
10:19 Feudal Age
11:24 Double-Bit Axe
12:18 Wheelbarrow
11:31 Town Watch
11:50 Man-at-Arms
24:05 Castle Age
25:17 Hand Cart
25:16 Bow Saw
Cheario
9:14 Loom
11:20 Feudal Age
11:52 Double-Bit Axe
12:26 Gold Mining
15:15 Castle Age
13:24 Stone Mining
13:50 Horse Collar
17:01 Wheelbarrow
19:20 Heavy Plow
24:11 Gold Shaft Mining
24:22 Scale Mail Armor
24:25 Squires
25:44 Bow Saw
26:42 Hand Cart
26:50 Hand Cart
26:25 Town Watch
27:53 Fletching
28:18 Padded Archer Armor
28:35 Elite Skirmisher
29:15 Bodkin Arrow
29:36 Leather Archer Armor
29:42 Thumb Ring
Mordon327
5:10 Loom
9:57 Feudal Age
10:19 Man-at-Arms
14:05 Double-Bit Axe
18:39 Wheelbarrow
21:50 Castle Age
28:29 Hand Cart
28:38 Gold Mining
Connection lost

Rejoining the realm…

Still unreachable

The connection could not be restored.

Session expired

The server has moved on; the page needs a fresh start.